 Dungeon Crawl Stone Soup version 0.26-a0-712-ga5a9c9c9d0 (webtiles) character file.

Game seed: 6224880190061343993

527 Azzok the Chopper (level 7, 28/52 HPs)
             Began as a Demonspawn Berserker on Nov 6, 2020.
             Was a Priest of Trog.
             Quit the game on level 4 of the Dungeon.
             The game lasted 00:04:41 (4327 turns).

Azzok the Chopper (Demonspawn Berserker)            Turns: 4327, Time: 00:04:42

Health: 28/52      AC: 12    Str: 19    XL:     7   Next: 3%
Magic:  7/7        EV:  8    Int:  9    God:    Trog [***...]
Gold:   151        SH:  0    Dex: 12    Spells: 6/6 levels left

rFire    . . .     SeeInvis .   p - +4 quarterstaff (chaos)
rCold    . . .     Faith    .   (shield currently unavailable)
rNeg     . . .     Spirit   .   j - +0 chain mail
rPois    .         Reflect  .   (helmet restricted)
rElec    .         Harm     .   e - +0 cloak
rCorr    .         Rampage  .   (no gloves)
MR       +....                  (no boots)
Stlth    ..........             (no amulet)
HPRegen  0.17/turn              r - ring of protection from magic
MPRegen  0.10/turn              (no ring)

@: no status effects
A: horns 1, yellow scales 2, powered by pain 1, spiny 1
a: Berserk, Trog's Hand, Renounce Religion


You were on level 4 of the Dungeon.
You worshipped Trog.
Trog was most pleased with you.
You visited 1 branch of the dungeon, and saw 4 of its levels.

You collected 151 gold pieces.

Inventory:

Hand Weapons
 a - a +0 hand axe
 p - a +4 quarterstaff of chaos (weapon)
Armour
 e - a +0 cloak (worn)
 j - a +0 chain mail (worn)
Jewellery
 r - a ring of protection from magic (left hand)
Wands
 o - a wand of flame (13)
Scrolls
 c - 2 scrolls of identify
 f - 4 scrolls of remove curse
 g - 2 scrolls of amnesia {unknown}
 h - 2 scrolls of enchant weapon {unknown}
 i - 4 scrolls of teleportation {unknown}
 l - 2 scrolls of fog {unknown}
 q - a scroll of fear {unknown}
 t - a scroll of magic mapping {unknown}
Potions
 b - a potion of flight {unknown}
 d - a potion of might
 k - 2 potions of invisibility
 n - 2 potions of curing {unknown}
 s - a potion of heal wounds {unknown}


   Skills:
 - Level 3.0 Fighting
 + Level 7.3 Axes
 - Level 1.7 Armour
 - Level 1.7 Dodging


You had 6 spell levels left.
You didn't know any spells.
Your spell library was empty.

Dungeon Overview and Level Annotations

Branches:
Dungeon (4/15)             Temple (0/1) D:4

Altars:
Cheibriados
Fedhas
Hepliaklqana
Kikubaaqudgha
Sif Muna
Vehumet


Innate Abilities, Weirdness & Mutations

You have a pair of small horns on your head.
You are mostly covered in yellow scales. (AC +3)
You sometimes gain a little power by taking damage.
You are partially covered in sharp spines.


Message History

You sock the adder!
The adder seems to slow down.
You freeze the adder.
You kill the adder!
Trog accepts your kill.
Found a scroll labeled OPLUH QEHEHI.
You hit the ogre. You freeze the ogre. Your headbutt misses the ogre.
The ogre is moderately wounded.
The ogre hits you with a +0 giant club.
You sock the ogre!
The ogre suddenly seems more agile.
You headbutt the ogre.
The ogre is severely wounded.
The ogre hits you with a +0 giant club.
You barely miss the ogre.
The ogre is severely wounded.
The ogre hits you with a +0 giant club!
You thump the ogre! You burn the ogre.
You kill the ogre!
Trog accepts your kill.
You have reached level 7!
Your demonic ancestry asserts itself...
Sharp spines emerge from parts of your body.
Are you sure you want to abandon this character and quit the game? (Confirm with "yes".)

··········▒ >·········▒
▒▒▒▒▒▒▒▒▒▒▒ ▒▒▒▒▒▒▒
▒▒▒▒▒▒▒▒▒▒▒▒▒▒▒▒▒·······
▒··<············@)······
▒·▒▒▒▒···▒▒▒▒▒▒▒▒·······
▒·▒▒▒▒···▒▒ ·······
▒·▒·······▒ ······?
▒·▒·▒▒····▒ ···$···
▒·▒·▒▒▒▒▒·▒ ·······
▒·▒·▒ ▒·▒ ·······
▒·▒·▒▒▒▒▒·▒▒ ·······
▒(▒······)·▒▒▒▒▒▒▒


There were no monsters in sight!

Vanquished Creatures
  2 ogres (D:4)
  A howler monkey (D:4)
  An orc wizard (D:4)
  Crazy Yiuf (D:2)
  Terence (D:2)
  A worker ant (D:4)
  3 gnolls (D:2)
  7 adders
  3 worms
  3 dart slugs
  3 leopard geckos
  13 orcs
  5 giant cockroaches
  8 goblins
  8 hobgoblins
  7 kobolds
  5 quokkas
  2 ball pythons
  9 bats
  A frilled lizard (D:2)
  4 rats
88 creatures vanquished.

Vanquished Creatures (others)
  4 plants (D:4)
4 creatures vanquished.

Grand Total: 92 creatures vanquished

Notes
Turn   | Place    | Note
-------+----------+-------------------------------------------
     0 | D:1      | Azzok the Demonspawn Berserker began the quest for the Orb.
     0 | D:1      | Reached XP level 1. HP: 18/18 MP: 1/1
    87 | D:1      | Reached skill level 3 in Axes
   269 | D:1      | Gained mutation: You are partially covered in yellow
                  | scales. (AC +2) [demonic ancestry]
   269 | D:1      | Reached XP level 2. HP: 19/24 MP: 2/2
   799 | D:1      | Reached XP level 3. HP: 25/29 MP: 3/3
   859 | D:1      | You fall into a shaft and drop 1 floor!
  1094 | D:2      | Reached ** piety under Trog
  1172 | D:2      | Noticed Terence
  1173 | D:2      | Reached skill level 4 in Axes
  1215 | D:2      | Killed Terence
  1454 | D:2      | Gained mutation: You have a pair of small horns on your
                  | head. [demonic ancestry]
  1454 | D:2      | Reached XP level 4. HP: 31/35 MP: 4/4
  1901 | D:2      | Found a runed translucent door.
  1902 | D:2      | Noticed Crazy Yiuf
  2070 | D:2      | Killed Crazy Yiuf
  2070 | D:2      | Reached skill level 5 in Axes
  2122 | D:3      | Gained mutation: You sometimes gain a little power by
                  | taking damage. [demonic ancestry]
  2122 | D:3      | Reached XP level 5. HP: 40/41 MP: 5/5
  2905 | D:3      | Found a hazy altar of Hepliaklqana.
  3030 | D:4      | Found an ancient bone altar of Kikubaaqudgha.
  3030 | D:4      | Found a blossoming altar of Fedhas.
  3054 | D:4      | Noticed an ogre
  3062 | D:4      | Killed an ogre
  3062 | D:4      | Reached skill level 6 in Axes
  3062 | D:4      | Gained mutation: You are mostly covered in yellow scales.
                  | (AC +3) [demonic ancestry]
  3062 | D:4      | Reached XP level 6. HP: 24/47 MP: 6/6
  3253 | D:4      | Found a snail-covered altar of Cheibriados.
  3254 | D:4      | Found a shimmering blue altar of Sif Muna.
  3254 | D:4      | Found a radiant altar of Vehumet.
  3291 | D:4      | Found a staircase to the Ecumenical Temple.
  4041 | D:4      | Reached *** piety under Trog
  4217 | D:4      | Reached skill level 7 in Axes
  4326 | D:4      | Gained mutation: You are partially covered in sharp spines.
                  | [demonic ancestry]
  4326 | D:4      | Reached XP level 7. HP: 28/52 MP: 7/7
  4327 | D:4      | Quit the game

Illustrated notes

Levels and vault maps discovered:
D:1:      lightli_iron_boxes, layout_rooms
D:2:      layout_basic, uniq_crazy_yiuf_cottage, uniq_terence
D:3:      layout_rooms, lemuel_crystal_altar
D:4:      layout_basic, chequers_temple_overflow_statue_of_worship,
          nicolae_overflow_crystal_walls,
          grunt_temple_overflow_growth_and_decay, minmay_temple_entry_hall

Skill      XL: |  1  2  3  4  5  6 |
---------------+-------------------+-----
Axes           | 3 4 5 6 7 |  7.3
Fighting       | |  3.0
Armour         | |  1.7
Dodging        | |  1.7

Action                   |  1- 3 |  4- 6 |  7- 9 || total
-------------------------+-------+-------+-------++-------
Melee: Hand axe          |    98 |    22 |       ||   120
       Dagger            |    38 |       |       ||    38
       Headbutt          |       |    14 |       ||    14
       Quarterstaff      |       |   125 |       ||   125
Invok: Berserk           |     1 |     1 |       ||     2
  Use: Scroll            |       |     5 |       ||     5
 Stab: Paralysed         |       |     5 |       ||     5
Armor: Animal skin       |    26 |       |       ||    26
       Chain mail        |    33 |    77 |       ||   110
Dodge: Dodged            |    77 |    53 |       ||   130

Table legend: (Time is in decaauts)
 A = Elapsed time spent in this place.
 B = Non-inter-level travel time spent in this place.
 C = Inter-level travel time spent in this place.
 D = Time resting spent in this place.
 E = Time spent auto-exploring this place.
 F = Levels seen in this place.
 G = Mean time per level.
                   A        B        C        D        E       F      G
               +--------+--------+--------+--------+--------+-----+--------+
         Total |   4376 |   4229 |    147 |    440 |   3137 |   4 | 1094.0 |
       Dungeon |   4376 |   4229 |    147 |    440 |   3137 |   4 | 1094.0 |
               +--------+--------+--------+--------+--------+-----+--------+

Top non-repeatable levels by time:
     D:4: 1324 daAuts
     D:2: 1267 daAuts
     D:3: 918 daAuts
     D:1: 867 daAuts
